 Dungeon Crawl Stone Soup version 0.27.0-1-g7a089689b8 (webtiles) character file.

Game seed: 3556349021599450700

56 garrulousMonolith the Shield-Bearer (level 3, -8/24 HPs)
             Began as a Gargoyle Fighter on Aug 10, 2021.
             Mangled by an ogre (24 damage)
             ... on level 2 of the Dungeon.
             The game lasted 00:02:23 (1428 turns).

garrulousMonolith the Shield-Bearer (GrFi)          Turns: 1428, Time: 00:02:23

Health: -8/24      AC: 11    Str: 19    XL:     3   Next: 97%
Magic:  3/3        EV:  7    Int: 15    God:
Gold:   58         SH:  9    Dex:  9    Spells: 2/2 levels left

rFire    . . .     SeeInvis .   a - +0 flail
rCold    . . .     Faith    .   c - +0 kite shield
rNeg     + . .     Spirit   .   b - +0 scale mail
rPois    ∞         Reflect  .   (no helmet)
rElec    +         Harm     .   (no cloak)
rCorr    .         Rampage  .   (no gloves)
Will     .....                  l - +0 pair of boots
Stlth    ..........             (no amulet)
HPRegen  0.08/turn              e - +6 ring of intelligence
MPRegen  0.08/turn              (no ring)

@: mighty
A: sickness immunity, AC +3, negative energy resistance 1, electricity
resistance, torment resistance 1, petrification resistance
a: no special abilities


You were on level 2 of the Dungeon.
You visited 1 branch of the dungeon, and saw 2 of its levels.

You collected 58 gold pieces.

Inventory:

Hand Weapons
 a - a +0 flail (weapon)
Missiles
 j - 19 poisoned darts (quivered)
Armour
 b - a +0 scale mail (worn)
 c - a +0 kite shield (worn)
 l - a +0 pair of boots (worn)
Jewellery
 e - a +6 ring of intelligence (left hand)
Scrolls
 k - a scroll of enchant armour {unknown}
 m - a scroll of noise {unknown}
Potions
 g - a potion of flight {unknown}
 h - 2 potions of lignification
 i - a potion of magic
 n - a potion of resistance {unknown}


   Skills:
 + Level 3.7 Fighting
 * Level 3.0 Maces & Flails
 + Level 3.7 Armour
 + Level 3.7 Shields


You had 2 spell levels left.
You didn't know any spells.
Your spell library contained the following spells:

 Spells                   Type           Power      Damage    Failure   Level
 Dazzling Flash           Conj/Hex       0%         N/A       100%        3
 Stone Arrow              Conj/Erth      0%         3d7       100%        3
 Teleport Other           Tloc           0%         N/A       100%        3
 Fulminant Prism          Conj/Hex       0%         3d6       100%        4
 Bolt of Magma            Conj/Fire/Erth 0%         4d4       100%        5
 Dispersal                Tloc           0%         N/A       100%        6
 Shatter                  Erth           0%         3d5*      100%        9


Dungeon Overview and Level Annotations

Branches:
Dungeon (2/15)

Altars:

Annotations:
D:1 exclusion: downstairs


Innate Abilities, Weirdness & Mutations

You are immune to sickness and miasma.
Your stone body is resilient. (AC +3)
You are immune to poison.
You resist negative energy. (rN+)
You are resistant to electric shocks. (rElec)
You are resistant to unholy torment.
You are immune to petrification.


Message History

A ball python is nearby!
The ball python hisses angrily.
A ball python and a hobgoblin come into view.
The ball python hisses angrily.
You closely miss the ball python. You block the ball python's attack.
The ball python barely misses you.
The ball python bites you but does no damage.
The ball python barely misses you.
You barely miss the ball python. You block the ball python's attack.
The ball python barely misses you.
The ball python bites you but does no damage.
The ball python grabs you. The ball python constricts you.
You block the ball python's attack. x2; The ball python constricts you.
You sock the ball python!
You kill the ball python!
The ball python bites you but does no damage.
You block the ball python's attack.
The ball python bites you but does no damage.
The ball python grabs you. The ball python constricts you.
You thump the ball python!
You kill the ball python!
The hobgoblin hits you but does no damage.
The hobgoblin barely misses you. The ogre hits you with a +0 giant club!
Ouch! That really hurt!
You are too injured to fight recklessly!
You are too injured to fight recklessly!
You are too injured to fight recklessly!
You are too injured to fight recklessly!
You are too injured to fight recklessly!
You are too injured to fight recklessly!
The hobgoblin closely misses you.
You feel better. You block the hobgoblin's attack.
You aren't carrying any items that you can evoke.
You feel very mighty all of a sudden. You block the hobgoblin's attack.
You sock the hobgoblin!
You kill the hobgoblin!
The ogre hits you with a +0 giant club!!
Ouch! That really hurt!
You die...

........# #..#
........############..#
......................#
.
...$.....###########.##
# .........# #.#
........## #.#
........# #.#
........#### #.#
...#....O@.# #.#
###.###.##.# #.# ## #.#
.# ... .. ##.# ..#
#.#...# ### #.#.#.# #..
#.#.#.# #.. .... #..


You could see an ogre.

Vanquished Creatures
  4 worms (D:2)
  5 bats
  5 endoplasms
  A giant cockroach (D:1)
  2 goblins
  8 hobgoblins
  4 jackals (D:2)
  A quokka (D:1)
  5 ball pythons (D:2)
  2 frilled lizards (D:1)
  2 kobolds (D:1)
  2 rats
41 creatures vanquished.

Notes
Turn   | Place    | Note
-------+----------+-------------------------------------------
     0 | D:1      | garrulousMonolith the Gargoyle Fighter began the quest for
                  | the Orb.
     0 | D:1      | Reached XP level 1. HP: 14/14 MP: 1/1
    38 | D:1      | Found a faded altar of an unknown god.
    83 | D:1      | Reached XP level 2. HP: 18/19 MP: 2/2
   566 | D:2      | Noticed an ogre
   570 | D:2      | Reached XP level 3. HP: 21/23 MP: 3/3
   653 | D:2      | Got the Grimoire of Displacement and Battle Magic
   810 | D:2      | HP: 1/23 [ogre (22)]
  1428 | D:2      | Mangled by an ogre

Illustrated notes

Levels and vault maps discovered:
D:1:      amcnicky_arrival_gap_in_the_tavern_cellar, layout_basic,
          hellmonk_ecumenical_altar_arch_garden
D:2:      layout_loops_ring, grunt_ministairs_6, kennysheep_generic_room_11

Skill      XL: |  1  2  3 |
---------------+----------+-----
Maces & Flails | 3 |  3.0
Fighting       | |  3.7
Armour         | |  3.7
Shields        | |  3.7

Action                   || total
-------------------------++-------
Melee: Flail             ||   115
  Use: Scroll            ||     3
       Potion            ||     3
Armor: Scale mail        ||    64
Dodge: Dodged            ||    50
Block: Kite shield       ||    72
